 Dungeon Crawl Stone Soup version 0.28-a0-537-g3bccd9ccbf (webtiles) character file.

Game seed: 1858578502861825934

7 HoaS the Twirler (level 2, -1/17 HPs)
             Began as a Gargoyle Gladiator on Sept 27, 2021.
             Frozen to death by an endoplasm (4 damage)
             ... on level 1 of the Dungeon.
             The game lasted 00:00:46 (141 turns).

HoaS the Twirler (Gargoyle Gladiator)                Turns: 141, Time: 00:00:46

Health: -1/17      AC:  6    Str: 17    XL:     2   Next: 0%
Magic:  2/2        EV: 12    Int:  8    God:
Gold:   13         SH:  0    Dex: 11    Spells: 1/1 levels left

rFire   . . .      SeeInvis .   a - +0 quarterstaff
rCold   . . .      Faith    .   (shield currently unavailable)
rNeg    + . .      Spirit   .   b - +0 leather armour
rPois   ∞          Reflect  .   c - +0 helmet
rElec   +          Harm     .   (no cloak)
rCorr   .          Rampage  .   (no gloves)
Will    .....                   (no boots)
Stlth   +.........              (no amulet)
HPRegen 0.05/turn               (no ring)
MPRegen 0.08/turn               (no ring)

@: no status effects
A: sickness immunity, AC +2, negative energy resistance 1, electricity
resistance, torment resistance 1, petrification resistance
a: no special abilities


You were on level 1 of the Dungeon.
You visited 1 branch of the dungeon, and saw 1 of its levels.

You collected 13 gold pieces.

Inventory:

Hand Weapons
 a - a +0 quarterstaff (weapon)
Missiles
 d - a throwing net (quivered)
Armour
 b - a +0 leather armour (worn)
 c - a +0 helmet (worn)
Scrolls
 e - a scroll of brand weapon {unknown}


   Skills:
 - Level 2.1 Fighting
 + Level 3.5 Staves
 - Level 1.7 Throwing
 - Level 2.4 Dodging


You had one spell level left.
You didn't know any spells.
Your spell library was empty.

Dungeon Overview and Level Annotations

Branches:
Dungeon (1/15)

Altars:


Innate Abilities, Weirdness & Mutations

You are immune to sickness and miasma.
Your stone body is resilient. (AC +2)
You are immune to poison.
You resist negative energy. (rN+)
You are resistant to electric shocks. (rElec)
You are resistant to unholy torment.
You are immune to petrification.


Message History

The endoplasm freezes you.
You are frozen.
You hit the endoplasm.
The endoplasm is severely wounded.
The quokka bites you. The endoplasm freezes you.
You are frozen.
* * * LOW HITPOINT WARNING * * *
The quokka bites you but does no damage.
Throw: 3 throwing nets
Press: ? - help, Q - select action Shift-Dir - straight line, f - quokka
Aim: a quokka (43% to hit)
Okay, then.
You are too injured to fight recklessly!
Unknown command.
Throw: 3 throwing nets
Press: ? - help, Shift-Dir - straight line, f - quokka
Aim: a quokka (43% to hit)
You throw a throwing net.
The throwing net barely misses the quokka.
The throwing net hits the endoplasm.
The endoplasm is caught in the net!
The endoplasm is severely wounded.
The endoplasm struggles against the net.
The quokka barely misses you.
Throw: 2 throwing nets
Press: ? - help, Shift-Dir - straight line, f/p - quokka
Aim: a quokka (43% to hit)
You throw a throwing net. The throwing net hits the quokka.
The quokka is caught in the net!
The endoplasm struggles against the net.
The quokka struggles against the net.
You thump the quokka!
You kill the quokka!
The bat hits you but does no damage.
The endoplasm struggles against the net.
You have reached level 2!
The bat misses you. The endoplasm freezes you.
You are frozen.
You die...

..# ######### #.#
#.......# #.#
#.#####.#
#######.###.# #.#
#>..........# #.#
#.#####.##### #.# #.#
#.# #.# #.#
########@# #.##
.......bJ#########..#
.)..............†...#
.#######.#########..#
... #####..##### ...#
#........... ...#
#.###...###. ....#
##..# #. ... ....# #.


You could see an endoplasm (caught) and a bat.

Vanquished Creatures
  A bat (D:1)
  An endoplasm (D:1)
  2 giant cockroaches (D:1)
  A quokka (D:1)
5 creatures vanquished.

Notes
Turn   | Place    | Note
-------+----------+-------------------------------------------
     0 | D:1      | HoaS the Gargoyle Gladiator began the quest for the Orb.
     0 | D:1      | Reached XP level 1. HP: 12/12 MP: 1/1
   141 | D:1      | Reached XP level 2. HP: 3/17 MP: 2/2
   141 | D:1      | Frozen to death by an endoplasm

Illustrated notes

Levels and vault maps discovered:
D:1:      giann_wishing_wells, layout_loops_ring, shapermc_ecumenical_altar_venn

Action                   || total
-------------------------++-------
Melee: Quarterstaff      ||    10
Throw: Throwing net      ||     2
Armor: Leather armour    ||     3
Dodge: Dodged            ||    10

Table legend: (Time is in decaauts)
 A = Elapsed time spent in this place.
 B = Non-inter-level travel time spent in this place.
 C = Inter-level travel time spent in this place.
 D = Time resting spent in this place.
 E = Time spent auto-exploring this place.
 F = Levels seen in this place.
 G = Mean time per level.
                   A        B        C        D        E       F      G
               +--------+--------+--------+--------+--------+-----+--------+
         Total |    142 |    142 |      0 |      0 |    113 |   1 |  142.0 |
       Dungeon |    142 |    142 |      0 |      0 |    113 |   1 |  142.0 |
               +--------+--------+--------+--------+--------+-----+--------+

Top non-repeatable levels by time:
     D:1: 142 daAuts
